 Dungeon Crawl Stone Soup version 0.20-a0-1006-ge6c5631 (webtiles) character file.

204 Ordine the Insei (level 5, -3/35 HPs)
             Began as an Octopode Transmuter on Apr 13, 2017.
             Slain by a bullfrog (8 damage)
             ... in a sewer.
             The game lasted 00:06:48 (3842 turns).

Ordine the Insei (Octopode Transmuter)              Turns: 3842, Time: 00:06:48

Health: -3/35      AC:  1    Str:  9    XL:     5   Next: 82%
Magic:  19/19      EV: 13    Int: 17    God:
Gold:   104        SH:  5    Dex: 12    Spells: 8/11 levels left

rFire    . . .     SeeInvis .     - Unarmed
rCold    . . .     Gourm    .   (no shield)
rNeg     . . .     Faith    .   (helmet restricted)
rPois    .         Spirit   .   l - +5 amulet of reflection
rElec    .         Reflect  +   f - ring of magical power
rCorr    .         Harm     .   (no ring)
MR       .....                  (no ring)
Stlth    +++.......             (no ring)
Regen    0.2/turn               (no ring)
MPRegen  0.2/turn               (no ring)
                                (no ring)
                                (no ring)

@: about to teleport
A: almost no armour, stealthy swim, amphibious, 8 rings, constrict 8, camouflage
1, gelatinous body 1
a: no special abilities


You were in a sewer.
You were not hungry.

You visited 1 branch of the dungeon, and saw 3 of its levels.
You also visited: Sewer.

You collected 104 gold pieces.

Inventory:

Jewellery
 f - a ring of magical power (left tentacle)
 l - a +5 amulet of reflection (around mantle)
 m - a cursed -3 ring of protection {unknown}
Scrolls
 p - 2 scrolls of fog {unknown}
 q - a scroll of recharging {unknown}
 r - a scroll of fear {unknown}
Potions
 a - a potion of might
 e - a potion of agility
 g - 2 potions of magic {unknown}
 h - a potion of haste
 i - a potion of cancellation
 j - a potion of brilliance {unknown}
 k - a potion of heal wounds {unknown}
Books
 b - a book of Changes

   Spells                             Type                      Level
   a - Beastly Appendage              Transmutation                1
   b - Sticks to Snakes               Transmutation                2
   c - Spider Form                    Transmutation/Poison         3
   d - Ice Form                       Ice/Transmutation            4
   e - Blade Hands                    Transmutation                5
Comestibles
 c - 5 bread rations
 d - a royal jelly
 o - 4 chunks of flesh


   Skills:
 + Level 2.6 Fighting
 - Level 2.0 Dodging
 + Level 4.0 Unarmed Combat
 * Level 3.6 Spellcasting
 + Level 2.8 Transmutations


You had 8 spell levels left.
You knew the following spells:

 Your Spells              Type           Power        Failure   Level  Hunger
a - Spider Form           Tmut/Pois      #.........   30%         3    ###....


Dungeon Overview and Level Annotations

Branches:
Dungeon (3/15)

Altars:


Innate Abilities, Weirdness & Mutations

You cannot wear most types of armour.
You are very stealthy in the water. (Stealth+)
You are amphibious.
You can wear up to eight rings at the same time.
You can use your tentacles to constrict eight enemies at once.
Your skin changes colour to match your surroundings (Stealth+).
Your rubbery body absorbs attacks. (AC +1, EV +1)


Message History

You kill the adder!
The ball python bites you. The ball python barely misses you.
A ball python and a bullfrog come into view.
The ball python hisses angrily. x2; The bullfrog gives a loud, deep croak!
You tentacle-slap the bullfrog but do no damage.
Your grab misses the bullfrog. Your squeeze misses the bullfrog.
The bullfrog hits you! The ball python bites you. The ball python grabs you.
The ball python constricts you. The bullfrog hits you.
As you read the scroll of teleportation, it crumbles to dust.
You feel strangely unstable. The ball python bites you.
* * * LOW HITPOINT WARNING * * *
x2 The ball python constricts you.
The bullfrog hits you.
* * * LOW HITPOINT WARNING * * *
The ball python bites you but does no damage.
* * * LOW HITPOINT WARNING * * *
The ball python constricts you.
An adder comes into view.
Unknown command.
You escape the ball python's grasp.
The bullfrog hits you!
You die...

##...## #####...#
#..'....# #..#....#
####...##
####################....#
..S≈≈≈≈≈≈≈≈≈≈≈≈≈≈≈#.....#
..S≈S≈≈≈≈SSS≈≈≈≈≈≈≈....##
.S≈SS≈≈≈≈≈FF@≈≈≈≈≈≈....#
..≈≈≈≈≈≈≈≈S≈≈≈≈≈≈≈≈....#
S.≈≈≈≈≈#≈..≈≈≈≈≈≈≈≈...##
..#≈≈≈≈≈≈≈≈≈≈≈≈≈≈≈#.### #
###################


You could see 2 bullfrogs and 4 ball pythons.

Vanquished Creatures
  8 adders
  5 river rats (Sewer)
  2 dart slugs (D:2)
  3 leopard geckos
  An orc (D:3)
  9 bats
  A giant cockroach (D:2)
  3 goblins (D:2)
  3 hobgoblins
  13 jackals (D:2)
  8 ball pythons
  2 frilled lizards
  5 kobolds
  25 rats
88 creatures vanquished.

Notes
Turn   | Place    | Note
-------+----------+-------------------------------------------
     0 | D:1      | Ordine the Octopode Transmuter began the quest for the Orb.
     0 | D:1      | Reached XP level 1. HP: 13/13 MP: 3/3
   631 | D:2      | Reached XP level 2. HP: 3/18 MP: 5/5
  1130 | D:2      | Reached XP level 3. HP: 13/24 MP: 6/6
  1276 | D:2      | Learned a level 3 spell: Spider Form
  1923 | D:2      | Reached XP level 4. HP: 27/29 MP: 8/8
  2841 | D:3      | Found a glowing drain.
  2850 | Sewer    | Entered a sewer
  2920 | Sewer    | Reached XP level 5. HP: 28/35 MP: 9/9
  3623 | Sewer    | Reached skill level 4 in Unarmed Combat
  3842 | Sewer    | Slain by a bullfrog

Vault maps used:
D:1:      lemuel_arrival_muddy
D:2:      minmay_close_crescents
D:3:      nicolae_ru_path_of_blood, cheibrodos_sewer_entry_drain
Sewer:    sewer_minmay_w

Skill      XL: |  1  2  3  4  5 |
---------------+----------------+-----
Fighting       | 2 |  2.6
Spellcasting   | 3 |  3.6
Unarmed Combat | 4 |  4.0
Dodging        | |  2.0
Transmutations | |  2.8

Action                   |  1- 3 |  4- 6 || total
-------------------------+-------+-------++-------
Melee: Unarmed           |    73 |   149 ||   222
       Constrict         |    17 |    37 ||    54
       Tentacles         |    11 |    19 ||    30
       Punch             |       |     2 ||     2
  Use: Scroll            |     8 |     2 ||    10
       Potion            |       |     2 ||     2
 Stab: Sleeping          |     4 |     4 ||     8
       Distracted        |     1 |     1 ||     2
  Eat: Chunk             |     3 |     6 ||     9
Armor: Skin              |    10 |    13 ||    23
Dodge: Dodged            |    62 |   114 ||   176
Block: Other             |       |    15 ||    15
